 Dungeon Crawl Stone Soup version 0.23-a0-701-gd76f34b (console) character file.

411 bli the Cudgeler (level 6, -3/39 HPs)
             Began as a Gargoyle Monk on Jan 12, 2019.
             Slain by an orc warrior
             ... wielding a +0 mace
              (13 damage)
             ... on level 4 of the Dungeon.
             The game lasted 00:17:30 (3392 turns).

bli the Cudgeler (Gargoyle Monk)                    Turns: 3392, Time: 00:17:31

Health: -3/39      AC:  8    Str: 15 (16) XL:     6   Next: 90%
Magic:  6/6        EV: 11    Int:  7 (10) God:
Gold:   101        SH:  3    Dex: 10 (13) Spells: 5/5 levels left

rFire    + . .     SeeInvis .   G - +0 mace
rCold    . . .     Gourm    .   w - +0 buckler
rNeg     + + .     Faith    .   k - +0 leather armour
rPois    ∞         Spirit   .   u - +0 helmet
rElec    +         Reflect  .   (no cloak)
rCorr    .         Harm     .   (no gloves)
MR       .....                  (no boots)
Stlth    ++........             (no amulet)
HPRegen  0.13/turn              m - ring of positive energy
MPRegen  0.10/turn              n - ring of protection from fire

@: hasted, very quick
A: negative energy resistance 1, electricity resistance, unbreathing,
petrification resistance, rot immunity, AC +4
a: no special abilities


You were on level 4 of the Dungeon.
You were not hungry.

You visited 1 branch of the dungeon, and saw 4 of its levels.

You collected 101 gold pieces.

Inventory:

Hand Weapons
 a - a +0 mace
 f - a +4 quarterstaff of chaos
 l - a +0 flail
 E - a +0 whip
 F - a +0 hunting sling
 G - a +0 mace (weapon)
Missiles
 g - 127 stones
 A - 3 tomahawks (quivered)
 C - 16 sling bullets
Armour
 b - a +0 robe
 d - a +0 ring mail
 h - a +0 cloak
 k - a +0 leather armour (worn)
 s - a +1 plate armour of cold resistance
 u - a +0 helmet (worn)
 w - a +0 buckler (worn)
 x - a +0 chain mail
Jewellery
 m - a ring of positive energy (left hand)
 n - a ring of protection from fire (right hand)
 p - an uncursed ring of protection from fire
 J - an uncursed ring of protection from fire
Wands
 y - a wand of flame (16)
 D - a wand of digging (3)
Scrolls
 e - 10 scrolls of amnesia {unknown}
 i - 4 scrolls of identify
 j - a scroll of fear {unknown}
 o - a scroll of teleportation {unknown}
 q - 2 scrolls of remove curse
 r - a scroll of blinking {unknown}
 v - a scroll of magic mapping {unknown}
Potions
 t - a potion of haste
 I - a potion of might {unknown}
Comestibles
 c - 3 rations
 H - 3 chunks of flesh


   Skills:
 * Level 4.4 Fighting
 + Level 6.0 Maces & Flails
 + Level 2.0 Armour
 + Level 3.2 Dodging
 + Level 2.2 Stealth


You had 5 spell levels left.
You didn't know any spells.
Your spell library contained the following spells:

 Spells                   Type           Power        Failure   Level  Hunger
 Beastly Appendage        Tmut           #.....       67%         1    ##.....
 Sticks to Snakes         Tmut           #.......     82%         2    ###....
 Spider Form              Tmut/Pois      #.........   96%         3    ####...
 Ice Form                 Ice/Tmut       #.......     100%        4    #####..
 Blade Hands              Tmut           #.........   100%        5    ######.


Dungeon Overview and Level Annotations

Branches:
Dungeon (4/15)
 Temple: D:4-7

Altars:
Ashenzari
Sif Muna
The Shining One


Innate Abilities, Weirdness & Mutations

You are resistant to torment.
Your stone body is resilient. (AC +4)
You are immune to poison.
You resist negative energy. (rN+)
You are resistant to electric shocks. (rElec)
You can survive without breathing.
You are immune to petrification.
You are immune to rotting.


Message History

You sock the orc priest!
The orc priest is heavily wounded.
The orc priest invokes the aid of Beogh against you.
Beogh smites you!
* * * LOW HITPOINT WARNING * * *
As you read the scroll labeled WEPHASMAQOV, it crumbles to dust.
It is a scroll of identify.
q - 2 scrolls of remove curse It was a potion of haste.
You feel yourself speed up.
It was a potion of degeneration.
There was something very wrong with that liquid.
You feel weakened.
You feel dopey.
You feel clumsy. You block the orc warrior's attack.
It was a potion of curing.
You feel better.
The orc priest hits you with a +0 dagger.
* * * LOW HITPOINT WARNING * * *
You hit the orc priest.
The orc priest is severely wounded.
The orc warrior hits you with a +0 mace!
You die...

######## #... ..#
####.####.#
#oo.....#.#
#@##.##.#.#
#.##.##.#.########
#.##.oo...........
#.####..##########
#.# #..>...(.. #.#
###.#.##.# #.# .#
# #.# .. ###


You could see an orc warrior and an orc priest.

Vanquished Creatures
  2 crimson imps
  A hound (D:4)
  Crazy Yiuf (D:3)
  2 orc wizards (D:3)
  Terence (D:3)
  A worker ant (D:4)
  Robin (D:2)
  4 adders
  2 oozes (D:1)
  An adder skeleton (D:4)
  3 dart slugs
  A leopard gecko (D:1)
  10 orcs
  2 giant cockroaches (D:1)
  18 goblins
  8 hobgoblins
  16 jackals
  A quokka (D:2)
  A ball python (D:3)
  7 bats
  3 frilled lizards
  8 kobolds
  7 rats
101 creatures vanquished.

Notes
Turn   | Place    | Note
-------+----------+-------------------------------------------
     0 | D:1      | bli the Gargoyle Monk began the quest for the Orb.
     0 | D:1      | Reached XP level 1. HP: 14/14 MP: 1/1
   116 | D:1      | Reached XP level 2. HP: 12/19 MP: 2/2
   486 | D:1      | Reached XP level 3. HP: 21/24 MP: 3/3
   523 | D:1      | You fall through a shaft!
   804 | D:2      | Reached skill level 4 in Maces & Flails
   804 | D:2      | Reached XP level 4. HP: 23/29 MP: 4/4
   863 | D:2      | Noticed Robin
  1258 | D:2      | Found a glowing golden altar of the Shining One.
  1258 | D:2      | Found a shattered altar of Ashenzari.
  1272 | D:2      | Killed Robin
  1600 | D:3      | Reached XP level 5. HP: 33/33 MP: 5/5
  1682 | D:3      | Noticed Terence
  1707 | D:3      | Killed Terence
  2043 | D:3      | Found a runed door.
  2150 | D:3      | Found a deep blue altar of Sif Muna.
  2381 | D:3      | Reached skill level 5 in Maces & Flails
  2412 | D:3      | Reached skill level 1 in Armour
  2583 | D:3      | Reached XP level 6. HP: 38/38 MP: 6/6
  2800 | D:3      | Noticed Crazy Yiuf
  2823 | D:3      | Killed Crazy Yiuf
  3265 | D:4      | Reached skill level 6 in Maces & Flails
  3367 | D:4      | Noticed an orc warrior
  3392 | D:4      | Slain by an orc warrior

Vault maps used:
D:1:      mrwooster_arrival_statue_2
D:2:      gammafunk_temple_overflow_elements, uniq_robin
D:3:      cheibrodos_helix_gallery, overflow_temple_1_default,
          minmay_misc_feat_rows, chequers_serial_rivers_micro_b,
          minmay_stone_trees_medium, uniq_crazy_yiuf_cottage, uniq_terence
D:4:      minmay_fire_ice_demons

Skill      XL: |  1  2  3  4  5  6 |
---------------+-------------------+-----
Fighting       | 4 |  4.4
Maces & Flails | 4 5 6 |  6.0
Armour         | 1 2 |  2.0
Dodging        | 3 |  3.2
Stealth        | |  2.2

Action                   |  1- 3 |  4- 6 || total
-------------------------+-------+-------++-------
Melee: Mace              |   124 |   262 ||   386
Throw: Stone             |    23 |    56 ||    79
       Tomahawk          |     2 |    20 ||    22
  Use: Potion            |       |     5 ||     5
       Scroll            |       |     1 ||     1
 Stab: Sleeping          |     1 |     1 ||     2
  Eat: Chunk             |       |     9 ||     9
Armor: Robe              |    41 |    51 ||    92
       Leather armour    |       |    34 ||    34
Dodge: Dodged            |    99 |   206 ||   305
Block: Buckler           |       |     4 ||     4

Table legend:
 A = Non-vault XP
 B = Vault XP
 C = Vault XP percentage of total XP
 D = Non-vault monster count
 E = Vault monster count
 F = Vault count percentage of total count
                 A         B        C        D         E       F
            +---------+---------+-------+---------+---------+-------
      Total |     413 |     175 |  29.8 |      85 |      16 |  15.8
            +---------+---------+-------+---------+---------+-------
        D:1 |      68 |       8 |  10.5 |      32 |       4 |  11.1
        D:2 |      56 |      27 |  32.5 |      17 |       7 |  29.2
        D:3 |     180 |      90 |  33.3 |      28 |       4 |  12.5
        D:4 |     109 |      50 |  31.4 |       8 |       1 |  11.1
            +---------+---------+-------+---------+---------+-------
